Map: 2000 Atmospheres LE

Players

A.I. 1 (Elite)

  • Race: Zerg Zerg

Icyeye - Winner!

  • Race: Zerg Zerg
  • League: Diamond

VOD

Have the link to the VOD?

Description

Time

  • Played on: July 2, 2021, 9:53 a.m.
  • Length: 11:22
Show
View Real Time Build Order
Export as new Build Order

A.I. 1 (Elite) Zerg 

Build Orders: Pool First, Zergling Baneling 

Get SALT Encoding   

  12  0:00  Drone  
  13  0:08  Drone  
  14  0:17  Overlord  
  14  0:35  Spawning Pool  
  14  0:36  Extractor  
  14  0:39  Drone  
  14  0:42  Drone  
  14  0:47  Drone  
  15  1:22  Zergling x6  
  15  1:24  Queen  
  20  1:42  Hatchery  
  19  1:48  Drone  
  19  1:53  Zergling x2  
  21  1:58  Zergling x2  
  22  2:08  Overlord  
  22  2:19  Baneling Nest  
  22  2:22  Drone  
  22  2:28  Zergling x2  
  23  2:33  Drone  
  23  2:39  Zergling x2  
  23  2:43  Zergling x2  
  25  2:48  Zergling x2  
  26  3:03  Baneling x2  
  26  3:04  Baneling x2  
  26  3:05  Baneling  
  26  3:06  Zergling x2  
  26  3:10  Zergling x2  
  28  3:14  Zergling x2  
  28  3:16  Baneling  
  28  3:18  Baneling  
  29  3:23  Zergling x2  
  29  3:27  Baneling  
  29  3:29  Zergling x2  
  30  3:38  Overlord  
  30  3:44  Zergling x2  
  30  3:46  Zergling x2  
  32  3:51  Zergling x2  
  33  3:56  Zergling x2  
  33  4:01  Baneling  
  30  4:04  Baneling  
  30  4:09  Baneling x2  
  27  4:13  Zergling x2, Baneling x2  
  23  4:18  Zergling x2  
  23  4:23  Drone  
  25  4:37  Roach Warren  
  24  4:45  Drone  
  25  4:49  Drone  
  25  4:52  Drone  
  27  4:56  Drone  
  28  5:07  Extractor  
  28  5:08  Drone  
  28  5:15  Drone, Extractor  
  28  5:18  Drone  
  28  5:19  Roach x2  
  33  5:22  Roach  
  35  5:29  Drone  
  35  5:31  Drone  
  37  5:36  Roach  
  37  5:41  Overlord  
  39  5:45  Drone  
  39  5:48  Drone  
  41  5:59  Lair  
  41  6:15  Drone  
  42  6:18  Drone  
  42  6:21  Drone  
  44  6:27  Overlord  
  44  6:31  Drone  
  45  6:34  Drone  
  45  6:38  Drone  
  47  6:41  Drone  
  47  6:43  Drone  
  47  6:46  Drone  
  50  6:49  Drone  
  50  6:52  Drone  
  52  6:57  Overlord  
  52  7:00  Drone  
  53  7:01  Hydralisk Den  
  53  7:02  Drone  
  53  7:04  Drone  
  53  7:06  Drone  
  55  7:11  Drone  
  55  7:13  Drone  
  57  7:16  Drone  
  57  7:17  Drone  
  57  7:20  Overlord  
  59  7:23  Drone  
  59  7:25  Drone  
  59  7:26  Overseer  
  61  7:32  Drone  
  61  7:34  Infestation Pit  
  61  7:35  Hydralisk  
  63  7:42  Hydralisk  
  65  7:46  Hydralisk  
  65  7:48  Overlord, Hydralisk  
  65  7:49  Drone  
  70  7:53  Drone  
  70  7:58  Drone  
  72  8:04  Drone  
  73  8:08  Overlord  
  73  8:15  Drone  
  73  8:16  Evolution Chamber  
  73  8:19  Infestor, Ravager x2  
  75  8:20  Roach, Drone  
  75  8:26  Roach, Extractor  
  80  8:30  Overlord  
  80  8:36  Drone  
  80  8:41  Infestor  
  81  8:43  Zerg Ground Armor Level 1, Spine Crawler  
  81  8:47  Drone  
  83  8:49  Spine Crawler  
  83  8:52  Roach, Overlord, Drone  
  83  8:53  Drone  
  86  8:58  Drone  
  86  9:02  Pneumatized Carapace, Queen  
  89  9:04  Roach  
  89  9:09  Roach  
  93  9:10  Evolution Chamber  
  93  9:14  Hydralisk  
  94  9:19  Overlord  
  94  9:23  Roach  
  94  9:24  Roach x2  
  100  9:26  Roach  
  100  9:27  Hatchery  
  100  9:29  Hydralisk  
  103  9:37  Roach  
  105  9:40  Overlord  
  105  9:47  Roach  
  105  9:51  Zergling x2  
  101  9:55  Infestor  
  101  9:56  Roach x2  
  101  9:59  Roach  
  87  10:02  Zergling x2  
  74  10:08  Hydralisk  
  74  10:10  Zergling x2  
  69  10:14  Ravager  
  57  10:29  Zergling x2  
  57  10:30  Hydralisk  
  57  10:31  Roach, Drone  
  54  10:36  Zergling x2  
  40  10:46  Roach  
  35  10:57  Zergling x2  
  35  11:00  Zergling x2, Roach  
  31  11:15  Spawning Pool  
Show
View Real Time Build Order
Export as new Build Order

Icyeye Zerg - Winner!

Build Orders: Hatch First 

Get SALT Encoding   

  12  0:00  Drone  
  13  0:12  Overlord  
  13  0:17  Drone  
  14  0:32  Drone x2  
  16  0:51  Hatchery  
  16  0:54  Drone  
  16  0:58  Drone  
  16  1:00  Drone  
  18  1:11  Extractor  
  18  1:17  Spawning Pool  
  16  1:19  Drone  
  16  1:22  Drone  
  18  1:28  Drone  
  19  1:38  Drone  
  20  1:49  Overlord  
  20  2:04  Zergling x2  
  20  2:05  Zergling x2  
  20  2:06  Queen x2  
  26  2:19  Drone x2  
  28  2:25  Drone x2  
  30  2:30  Metabolic Boost  
  30  2:41  Drone  
  30  2:42  Drone  
  32  2:46  Hatchery  
  31  2:53  Overlord, Drone  
  31  2:55  Zergling x2  
  31  2:57  Zergling x2  
  34  3:05  Zergling x2  
  35  3:07  Drone  
  36  3:15  Queen  
  36  3:17  Zergling x6  
  41  3:22  Overlord  
  41  3:27  Lair  
  41  3:28  Zergling x2  
  42  3:38  Evolution Chamber  
  41  3:41  Evolution Chamber  
  41  3:42  Roach Warren  
  38  4:09  Drone x8  
  43  4:10  Queen  
  43  4:11  Queen  
  45  4:25  Drone x4  
  45  4:26  Roach Warren  
  50  4:38  Drone x8  
  50  4:44  Extractor  
  55  4:52  Zergling x4  
  57  4:54  Overlord x2  
  57  5:01  Extractor  
  57  5:05  Drone  
  57  5:06  Overlord x2  
  57  5:09  Zerg Missile Weapons Level 1  
  57  5:11  Overlord  
  57  5:17  Roach x3  
  63  5:24  Roach  
  65  5:28  Extractor  
  65  5:29  Drone x3  
  65  5:31  Roach x3  
  73  5:37  Roach x2  
  77  5:56  Roach x6  
  89  5:58  Drone x2  
  89  5:59  Overlord  
  91  6:05  Overlord x2  
  91  6:09  Zerg Ground Armor Level 1  
  91  6:20  Glial Reconstitution  
  91  6:23  Roach x2  
  95  6:26  Drone x8  
  95  6:30  Extractor  
  102  6:43  Roach x3  
  102  6:46  Hatchery  
  107  6:50  Roach x3  
  107  6:51  Drone  
  107  6:52  Drone  
  115  6:58  Baneling Nest  
  114  7:05  Roach x3  
  114  7:06  Infestation Pit  
  119  7:14  Drone x2  
  119  7:15  Overlord x3  
  121  7:19  Overlord  
  121  7:22  Zerg Missile Weapons Level 2  
  121  7:28  Overlord  
  121  7:29  Overlord  
  121  7:41  Roach x6  
  133  7:44  Baneling x5  
  133  7:48  Centrifical Hooks  
  133  7:52  Drone x3  
  133  7:55  Drone x2  
  138  7:59  Queen  
  138  8:02  Roach  
  142  8:09  Hive  
  142  8:12  Roach x2  
  146  8:15  Drone x3  
  146  8:16  Drone  
  146  8:17  Drone  
  146  8:19  Drone x2  
  153  8:22  Drone x2  
  153  8:23  Drone  
  156  8:34  Drone x7  
  163  8:44  Roach x2  
  167  8:50  Overlord x2  
  167  8:51  Hatchery  
  167  8:54  Roach x3, Extractor  
  171  8:56  Extractor  
  171  9:02  Roach x2  
  174  9:18  Roach x6  
  174  9:19  Roach x2  
  190  9:29  Overlord  
  190  9:34  Hydralisk Den  
  189  9:41  Roach  
  189  9:42  Overlord x2  
  191  9:47  Hatchery  
  191  9:50  Drone x12  
  197  10:00  Roach x2  
  197  10:04  Muscular Augments  
  199  10:07  Overlord  
  199  10:11  Lurker Den  
  196  10:15  Queen  
  198  10:23  Drone x2  
  198  10:27  Extractor x2  
  198  10:32  Roach  
  192  10:39  Roach x11  
  178  10:55  Roach x16  
  196  11:02  Roach  
  196  11:03  Roach  
Tags
 
Add a new tag
Caveats
  • Supply blocks, unpowered buildings, or Contaminate may cause inaccurate times.
  • Supply counts are checked every 10 seconds.